 Dungeon Crawl Stone Soup version 0.28.0-45-g0d030f2227 (webtiles) character file.

Game seed: 9517031355737517653

4 Zeld the Conjurer (level 1, 0/14 HPs)
             Began as a Draconian Conjurer on Apr 10, 2022.
             Constricted to death by a ball python (1 damage)
             ... on level 1 of the Dungeon.
             The game lasted 00:00:49 (103 turns).

Zeld the Conjurer (Draconian Conjurer)               Turns: 103, Time: 00:00:50

Health: 0/14       AC:  4    Str:  9    XL:     1   Next: 50%
Magic:  1/3        EV:  9    Int: 18    God:
Gold:   0          SH:  0    Dex:  9    Spells: 3/4 levels left

rFire   . . .      SeeInvis .   (no weapon)
rCold   . . .      Faith    .   (no shield)
rNeg    . . .      Spirit   .   (armour unavailable)
rPois   .          Reflect  .   (helmet restricted)
rElec   .          Harm     .   (no cloak)
rCorr   .          Rampage  .   (no gloves)
Will    .....                   (no boots)
Stlth   ++........              (no amulet)
HPRegen 0.04/turn               (no ring)
MPRegen 0.08/turn               (no ring)

@: constricted
A: AC +4, unfitting armour, cold-blooded
a: no special abilities


You were on level 1 of the Dungeon.
You visited 1 branch of the dungeon, and saw 1 of its levels.

You aren't carrying anything.


   Skills:
 + Level 1.8 Dodging
 - Level 1.7 Stealth
 + Level 2.0 Spellcasting
 * Level 4.1 Conjurations


You had 3 spell levels left.
You knew the following spells:

 Your Spells              Type           Power      Damage    Failure   Level
a - Magic Dart            Conj           64%        1d6       3%          1

Your spell library contained the following spells:

 Spells                   Type           Power      Damage    Failure   Level
 Searing Ray              Conj           32%        2d5       4%          2
 Dazzling Flash           Conj/Hex       18%        N/A       24%         3
 Fulminant Prism          Conj/Hex       4%         3d6       61%         4
 Iskenderun's Mystic Bla  Conj/Tloc      9%         2d4       61%         4


Dungeon Overview and Level Annotations

Branches:
Dungeon (1/15)

Altars:


Innate Abilities, Weirdness & Mutations

Your plain brown scales are hard. (AC +4)
You cannot fit into any form of body armour.
You are cold-blooded and may be slowed by cold attacks.


Message History

The giant cockroach barely misses you. The giant cockroach bites you. x2
The giant cockroach misses you. The giant cockroach misses you.
Casting: Magic Dart (safe; 3% risk of failure)
Confirm with . or Enter, or press ? or * to list all spells.
Aiming: Magic Dart (safe; 3% risk of failure)
Press: ? - help, Shift-Dir - straight line, f/p - giant cockroach
Aim: a giant cockroach (100% to hit)
The magic dart hits the giant cockroach.
You kill the giant cockroach!
Unknown command.
Casting: Magic Dart (safe; 3% risk of failure)
Confirm with . or Enter, or press ? or * to list all spells.
Aiming: Magic Dart (safe; 3% risk of failure)
Press: ? - help, Shift-Dir - straight line, f - rat
Aim: a rat (100% to hit)
The magic dart hits the rat.
The rat is moderately wounded.
Unknown command.
A rat comes into view.
A bat comes into view.
The bat moves out of view.
A quokka comes into view.
Found a stone staircase leading down.
Found 10 gold pieces.
You hit the quokka.
The quokka is lightly wounded.
The rat bites you. The quokka barely misses you.
You miss the quokka.
The quokka is lightly wounded.
The ball python bites you.
* * * LOW HITPOINT WARNING * * *
The ball python barely misses you. The rat misses you. The quokka bites you.
* * * LOW HITPOINT WARNING * * *
You closely miss the quokka.
The quokka is lightly wounded.
The ball python bites you but does no damage.
The ball python grabs you. The ball python constricts you.
You die...

############.#.##
#.B.g............
#.#######..#.#+#+#+#
##†## #.B#........
####...######g.#........
l..Sl...g...............
#.##.....##.##.lb.......
.#.##.#.##.# ###rS......
. ...###... #@#.#.###
.#.##.#.##. #r#.# #
#g##.....##. ..# #
...B....... $.>r
###K....... .....
#.#####.# #......
#r#...# ...#.#. #Kg.#
######### ###.#


You could see a quokka, a giant cockroach, a hobgoblin, a bat, a ball python, a
frilled lizard and 2 rats.

Vanquished Creatures
  2 giant cockroaches (D:1)
  A kobold (D:1)
3 creatures vanquished.

Vanquished Creatures (others)
  3 demonic plants (D:1)
  3 fungi (D:1)
  A plant (D:1)
  A withered plant (D:1)
8 creatures vanquished.

Grand Total: 11 creatures vanquished

Notes
Turn   | Place    | Note
-------+----------+-------------------------------------------
     0 | D:1      | Zeld the Draconian Conjurer began the quest for the Orb.
     0 | D:1      | Reached XP level 1. HP: 14/14 MP: 3/3
   103 | D:1      | Constricted to death by a ball python

Illustrated notes

Levels and vault maps discovered:
D:1:      minmay_arrival_arboretum_large, layout_basic,
          shapermc_ecumenical_altar_gd, serial_shops, shop, nicolae_shop_trees,
          chequers_serial_rivers_micro_a, minmay_ruptured

Action                   || total
-------------------------++-------
Melee: Unarmed           ||    16
       Tailslap          ||     3
 Cast: Magic Dart        ||    10
Armor: Skin              ||    17
Dodge: Dodged            ||    35
